 Dungeon Crawl Stone Soup version 0.20-a0 (webtiles) character file.

247490 poirepourri the Peltast (level 18, -11/166 HPs)
             Began as a Minotaur Fighter on Oct 27, 2016.
             Was the Champion of Trog.
             Mangled by a tentacled starspawn (19 damage)
             ... on level 3 of the Abyss.
             The game lasted 01:10:38 (44352 turns).

poirepourri the Peltast (Minotaur Fighter)         Turns: 44352, Time: 01:10:39

Health: -11/166    AC: 23    Str: 30      XL:     18   Next: 82%
Magic:  13/13      EV: 17    Int:  4 (5)  God:    Trog [******]
Gold:   530        SH:  0    Dex: 18      Spells: 0 memorised, 17 levels left

rFire  + . .     SeeInvis .     X - +6 shillelagh "Devastator" {shatter}
rCold  . . .     Gourm    .     D - +3 scale mail {rPois}
rNeg   . . .     Faith    .     c - +3 shield
rPois  +         Spirit   .     e - +2 hat
rElec  .         Reflect  .     x - +2 cloak {+Inv}
rCorr  .         Harm     .     B - +0 pair of fencer's gloves {+Riposte Dex+3}
MR     +++..                    d - +2 pair of boots
Stlth  +.........               R - amulet of Ossulip {rF+ Regen+ Slay+5 Stlth+}
                                Y - +3 ring of strength
                                N - +3 ring of strength

@: confused, about to teleport, flying, very slightly contaminated,
regenerating, constricted, invisible
A: retaliatory headbutt, horns 2, low mp 2, screaming 1
a: Berserk, Trog's Hand, Brothers in Arms, Burn Spellbooks, Renounce Religion
}: 2/15 runes: decaying, gossamer


You were on level 3 of the Abyss.
You worshipped Trog.
Trog was exalted by your worship.
You were not hungry.

You visited 8 branches of the dungeon, and saw 34 of its levels.
You visited the Abyss 1 time.
You also visited: Ossuary and Ice Cave.

You collected 3210 gold pieces.
You spent 2680 gold pieces at shops.

Inventory:

Hand Weapons
 w - a +9 morningstar
 I - the +8 mace "Cauf" {crush, *Slow rN+++}
   (Trog gifted it to you on level 1 of the Lair of Beasts)

   It inflicts extra damage upon your enemies.
   It renders you almost immune to negative energy.
   It may slow you when you take damage.
 X - the +6 shillelagh "Devastator" (weapon) {shatter}
   (You found it on level 6 of the Lair of Beasts)
Missiles
 q - 6 javelins of penetration (quivered)
 A - 4 exploding tomahawks
 Q - 167 bolts
Armour
 c - a +3 shield (worn)
 d - a +2 pair of boots (worn)
 e - a +2 hat (worn)
 x - a +2 cloak of invisibility (worn)
 B - the +0 pair of fencer's gloves (worn) {+Riposte Dex+3}
   (You found it on level 6 of the Lair of Beasts)

   It affects your dexterity (+3).
 D - a +3 scale mail of poison resistance (worn)
 K - +0 ice dragon scales
Jewellery
 a - an uncursed ring of magical power
 k - the ring "Roahu" {rC+ MP+9}
   (You bought it in a shop on level 2 of the Orcish Mines)

   [ring of magical power]

   It protects you from cold.
   It affects your magic capacity (+9).
 m - an uncursed ring of protection from fire
 M - an uncursed ring of protection from cold
 N - a +3 ring of strength (left hand)
 R - the amulet of Ossulip (around neck) {rF+ Regen+ Slay+5 Stlth+}
   (You bought it in a shop on level 2 of the Orcish Mines)

   [amulet of regeneration]

   It affects your accuracy and damage with ranged weapons and melee attacks
   (+5).
   It protects you from fire.
   It increases your rate of regeneration.
   It makes you more stealthy.
 V - a +4 ring of protection
 Y - a +3 ring of strength (right hand)
Wands
 b - a wand of lightning (12/15)
 o - a wand of acid (13/15)
 p - a wand of disintegration (14/24)
 t - a wand of disintegration (10/24)
 z - a wand of teleportation (3/9)
 C - a wand of polymorph (9/24)
 E - a wand of iceblast (2/15)
 S - a wand of slowing (28/48)
 U - a wand of iceblast (13/15)
 W - a wand of acid (6/15)
Scrolls
 n - 2 scrolls of teleportation
 y - 2 scrolls of enchant weapon
 F - 19 scrolls of remove curse
 L - 3 scrolls of fear
 P - 6 scrolls of recharging
Potions
 f - 4 potions of cure mutation
 h - 6 potions of lignification
 j - 3 potions of resistance
 r - 9 potions of flight
 s - 6 potions of ambrosia
 G - a potion of might
 H - a potion of agility
 J - 4 potions of haste
 T - 2 potions of mutation
Comestibles
 i - 12 meat rations
 l - 6 bread rations
 v - 8 fruits
 Z - 5 royal jellies


   Skills:
 + Level 16.1 Fighting
 + Level 18.4 Maces & Flails
 + Level 13.0 Throwing
 + Level 14.6 Armour
 + Level 13.1 Dodging
 + Level 20.1 Shields


You had 17 spell levels left.
You didn't know any spells.

Dungeon Overview and Level Annotations

Branches:
Dungeon (15/15)            Temple (1/1) D:4            Lair (6/6) D:9
  Swamp (4/4) Lair:2       Spider (4/4) Lair:4        Slime (1/5) Lair:6
    Orc (2/2) D:9             Elf (1/3) Orc:2        Vaults (0/5) D:13
 Depths (0/5) D:15

Altars:
Ashenzari
Cheibriados
Dithmenos
Elyvilon
Fedhas
Gozag
Hepliaklqana
Kikubaaqudgha
Makhleb
Nemelex Xobeh
Okawaru
Qazlal
Ru
Sif Muna
Trog
Uskayaw
Vehumet
Xom
Yredelemnul
Zin
The Shining One
Beogh
Jiyva

Shops:
D:8 !   D:14 ?   D:15 [   Orc:2 }}:*=

Portals:
Trove: D:14 (give 6 potions of agility)


Innate Abilities, Weirdness & Mutations

You reflexively headbutt those who attack you in melee.
You have a pair of horns on your head.
[Your magical capacity is very low. (-20% MP)]
[You occasionally shout uncontrollably at your foes.]


Message History

Unknown command.
You feel very buoyant.
You fly up into the air.
The starspawn tentacle grabs you.
* * * LOW HITPOINT WARNING * * *
The starspawn tentacle constricts you.
The tentacled starspawn bites you but does no damage.
The tentacled starspawn barely misses you.
Unknown command.
Okay, then.
You fade into invisibility!
A cacophony of accursed wailing tears at your sanity!
* * * LOW HITPOINT WARNING * * *
A starcursed mass splits.
You block the starcursed mass's attack.
You block the tentacled starspawn's attack.
The tentacled starspawn misses you. The starspawn tentacle constricts you.
You are very lightly contaminated with residual magic.
You are confused.
You feel invigorated.
A starcursed mass splits.
The starspawn tentacle constricts you. The tentacled starspawn bites you!!
You die...

#### ##XX####
#.wwX..###
##w@XXX....#
#│X*##X....#
#X│XXX..##..#
#│X#.....# .#
#φ│#.........
##. #─X...# .
# Vw...##..
..##.. ...
...


You could see 12 starcursed masses, 2 tentacled starspawn, a wretched star and 4
starspawn tentacles.

Vanquished Creatures
  Mara (Swamp:4)
  A bone dragon (Swamp:4)
  Jorgrun (Swamp:4)
  Rupert (Lair:4)
  A tentacled starspawn (Abyss:3)
  Gastronok (Orc:1)
  2 thorn hunters (Swamp:3)
  The ghost of beholder the Spry, an adept HESk of Okawaru (Swamp:4)
  2 ghost moths
  10 emperor scorpions
  An orc warlord (Orc:1)
  The ghost of varam the Brawler, a journeyman TrMo of Okawaru (D:13)
  A deep elf elementalist (Elf:1)
  A ghoul (Swamp:2)
  4 entropy weavers
  Nessos (D:15)
  2 deep elf annihilators (Elf:1)
  3 spark wasps
  A dire elephant (D:15)
  A deep elf death mage (Elf:1)
  A rakshasa (Abyss:3)
  A vault guard (D:13)
  8 hydras
  A ghost crab (Swamp:2)
  4 centaur warriors
  17 alligators
  A death knight (D:14)
  3 death yaks (Lair:6)
  A queen ant (Spider:1)
  6 dancing weapons (Elf:1)
  4 thrashing horrors (Abyss:3)
  Nergalle (Lair:2)
  3 orc high priests
  3 wretched stars (Abyss:3)
  A skeletal warrior (D:14)
  A sea snake (Lair:6)
  An unseen horror (D:15)
  A spriggan druid (Swamp:2)
  4 phantasmal warriors
  6 swamp dragons
  4 shambling mangroves
  Pikel (D:4)
  13 deep elf magi
  A spectral hydra (Swamp:4)
  5 deep elf archers (Elf:1)
  A harpy (Lair:6)
  3 orc knights (Orc:2)
  4 hill giants
  18 orb spiders
  5 manticores
  4 orc sorcerers
  29 wolf spiders
  8 ugly things
  An oklob plant (Swamp:4)
  A worldbinder (Abyss:3)
  5 cyclopes
  3 centaur zombies (D:13)
  3 black mambas
  6 elephants
  An ice statue (IceCv)
  4 torpor snails
  An eye of devastation (shapeshifter) (D:14)
  3 centaur skeletons
  18 spiny frogs
  A gargoyle (D:11)
  7 swamp worm zombies (Swamp:4)
  11 komodo dragons
  The ghost of Xiguana the Slasher, a novice HESk (D:4)
  A hellion (Abyss:3)
  An efreet (D:15)
  4 kobold demonologists
  4 rime drakes
  12 demonic crawlers
  A freezing wraith (D:14)
  A tengu conjurer (D:13)
  A queen bee (Lair:1)
  A hydra zombie (Swamp:4)
  4 polar bears
  A merfolk (D:15)
  3 meliai
  10 trolls
  33 jumping spiders
  15 hornets
  3 raiju (Abyss:3)
  The ghost of RexLacerta the Skirmisher, an amateur DsBe of Trog (D:5)
  A wind drake (Lair:6)
  6 tyrant leeches
  2 two-headed ogres
  2 alligator zombies (Swamp:4)
  19 slime creatures
  15 bog bodies
  A spectral swamp dragon (Swamp:4)
  2 dream sheep (Lair:4)
  10 blink frogs
  15 hippogriffs
  An air elemental (Elf:1)
  A water elemental (Elf:1)
  9 wyverns
  9 spriggans
  3 shadows
  32 tarantellas
  Eustachio (D:5)
  A vampire (D:11)
  84 redbacks
  A hill giant zombie (D:9)
  3 wraiths
  A ynoxinul (Abyss:3)
  A large abomination (Abyss:3)
  30 yaks
  4 hungry ghosts
  11 vampire mosquitoes
  3 basilisks (Lair:6)
  2 steam dragons
  5 wargs
  15 insubstantial wisps
  13 swamp worms
  8 porcupines
  15 soldier ants
  12 water moccasins
  Duvessa (D:6)
  35 orc warriors
  4 swamp drakes
  10 ice beasts
  6 sky beasts
  A slave (D:4)
  3 black bears
  4 necrophages
  13 ogres
  9 wolves
  10 phantoms
  6 swamp dragon zombies (Swamp:4)
  20 centaurs
  19 crocodiles
  6 big kobolds
  15 bullfrogs
  An earth elemental (Elf:1)
  A wyvern zombie (D:11)
  Dowan (D:6)
  7 scorpions
  3 troll zombies (D:9)
  40 killer bees
  6 electric eels
  A howler monkey (D:14)
  15 wights
  5 crimson imps
  12 hounds
  A human zombie (D:4)
  23 orc priests
  2 bullfrog zombies
  6 jellies
  34 orc wizards
  3 quasits
  Crazy Yiuf (D:4)
  Natasha (D:4)
  3 bullfrog skeletons
  Ijyb (D:2)
  2 human skeletons (D:4)
  28 worker ants
  7 iguanas
  4 ogre zombies (D:9)
  3 hound zombies
  A hound skeleton (D:2)
  8 mummies (Ossuary)
  2 worker ant zombies
  19 gnolls
  A swamp drake zombie (Swamp:4)
  10 adders
  A shadow imp (D:8)
  A white imp (Abyss:3)
  5 oozes
  An adder zombie (D:7)
  4 adder skeletons
  5 worms
  3 dart slugs
  6 leopard geckos
  104 orcs
  6 giant cockroaches
  A gnoll zombie (Ossuary)
  6 goblins
  10 hobgoblins
  9 jackals
  47 kobolds
  5 quokkas
  5 bats
  6 frilled lizards
  2 goblin skeletons (D:9)
  2 goblin zombies (D:9)
  3 hobgoblin skeletons
  4 hobgoblin zombies
  A kobold zombie (Ossuary)
  A leopard gecko skeleton (D:5)
  3 orc skeletons
  19 orc zombies
  A quokka skeleton (D:6)
  6 rats
1382 creatures vanquished.

Vanquished Creatures (collateral kills)
  A tentacled monstrosity (Swamp:3)
  A ghost moth (Spider:4)
  An emperor scorpion (Spider:4)
  An entropy weaver (Spider:2)
  A merfolk avatar (Lair:6)
  2 hydras
  An orc high priest (Orc:2)
  2 orc knights (Orc:2)
  A spectral hydra (Swamp:4)
  A harpy (Lair:6)
  An orc sorcerer (Orc:2)
  A manticore (Lair:6)
  An orb spider (Spider:2)
  3 elephants (Lair:6)
  2 torpor snails
  A demonic crawler (Spider:1)
  A hornet (Spider:2)
  A wind drake (Lair:6)
  2 spectral swamp dragons (Swamp:4)
  5 dream sheep (Lair:4)
  3 blink frogs (Swamp:3)
  2 redbacks (Spider:4)
  A tarantella (Spider:1)
  4 yaks (Lair:6)
  A small abomination (Abyss:3)
  A warg (Orc:2)
  An insubstantial wisp (Swamp:4)
  5 soldier ants (Spider:1)
  An orc warrior (Orc:2)
  A bullfrog (Lair:4)
  2 orc wizards (Orc:2)
  2 orc priests (Orc:2)
  5 worker ants (Spider:1)
  A spectral swamp drake (Swamp:4)
  A swamp drake zombie (Swamp:4)
  3 jackals (D:11)
64 creatures vanquished.

Vanquished Creatures (others)
  A deep elf knight (Elf:1)
  A deep elf mage (Elf:1)
  A jumping spider (Spider:4)
  A hornet (Swamp:4)
  2 yaks (IceCv)
  A spriggan (Swamp:4)
  A necrophage (Swamp:2)
  An orc warrior (Elf:1)
  3 wolves (IceCv)
  A giant cockroach (D:4)
  A quokka (D:9)
  A goblin zombie (D:9)
  A bush (Lair:4)
  9 fungi
  9 plants
  2 starspawn tentacles (Abyss:3)
36 creatures vanquished.

Grand Total: 1482 creatures vanquished

Notes
Turn   | Place    | Note
-------+----------+-------------------------------------------
     0 | D:1      | poirepourri the Minotaur Fighter began the quest for the Orb.
     0 | D:1      | Reached XP level 1. HP: 19/19 MP: 0/0
   149 | D:1      | Reached XP level 2. HP: 27/27 MP: 1/1
   237 | D:1      | Reached skill level 4 in Shields
   945 | D:2      | Reached XP level 3. HP: 33/33 MP: 2/2
  1436 | D:2      | Reached XP level 4. HP: 35/40 MP: 3/3
  1845 | D:2      | Noticed Ijyb
  1871 | D:2      | Killed Ijyb
  2422 | D:2      | Reached skill level 1 in Dodging
  2885 | D:3      | Found a sacrificial altar of Ru.
  2895 | D:3      | Reached XP level 5. HP: 34/47 MP: 4/4
  3284 | D:3      | Reached skill level 5 in Fighting
  3903 | D:3      | Reached skill level 5 in Maces & Flails
  3903 | D:3      | Reached XP level 6. HP: 56/56 MP: 5/5
  4038 | D:3      | Reached XP level 7. HP: 19/61 MP: 6/6
  4529 | D:4      | Noticed Xiguana's ghost (novice HESk)
  4567 | D:4      | Killed Xiguana's ghost
  4744 | D:4      | Found a runed door.
  4840 | D:4      | Reached skill level 1 in Throwing
  5063 | D:4      | Reached XP level 8. HP: 65/71 MP: 7/7
  5093 | D:4      | Found a sand-covered staircase.
  5099 | Ossuary  | Entered an ossuary
  5901 | D:4      | Reached skill level 5 in Dodging
  5947 | D:4      | Found a staircase to the Ecumenical Temple.
  5965 | Temple   | Entered the Ecumenical Temple
  5979 | Temple   | Became a worshipper of Trog the Wrathful
  6064 | D:4      | Noticed Pikel
  6103 | D:4      | Killed Pikel
  6160 | D:4      | Got a slimy rapier
  6161 | D:4      | Identified the +6 rapier of Tuahoum {protect, rC+} (You found it on level 4 of the Dungeon)
  6474 | D:4      | Noticed Crazy Yiuf
  6474 | D:4      | Noticed Natasha
  6479 | D:4      | Killed Crazy Yiuf
  6483 | D:4      | Killed Natasha
  6749 | D:5      | Entered Level 5 of the Dungeon
  6806 | D:5      | Reached skill level 10 in Maces & Flails
  6806 | D:5      | Reached XP level 9. HP: 77/80 MP: 8/8
  6949 | D:5      | Noticed RexLacerta's ghost (amateur DsBe)
  6952 | D:5      | Noticed Eustachio
  6991 | D:5      | Killed RexLacerta's ghost
  6993 | D:5      | Killed Eustachio
  7238 | D:5      | Reached * piety under Trog
  8034 | D:6      | Reached skill level 5 in Shields
  8267 | D:6      | Noticed Dowan
  8268 | D:6      | Noticed Duvessa
  8275 | D:6      | Killed Duvessa
  8275 | D:6      | Reached skill level 5 in Armour
  8284 | D:6      | Killed Dowan
  8582 | D:6      | Reached ** piety under Trog
  9502 | D:7      | Reached skill level 6 in Shields
  9594 | D:7      | Reached XP level 10. HP: 82/90 MP: 9/9
 10721 | D:8      | Found a shattered altar of Ashenzari.
 10758 | D:8      | Reached skill level 7 in Shields
 10783 | D:8      | Reached *** piety under Trog
 11059 | D:8      | Reached skill level 8 in Shields
 11656 | D:8      | Found Ytwuph's Distillery.
 11664 | D:8      | Bought a potion of curing for 30 gold pieces
 11664 | D:8      | Bought a potion of curing for 30 gold pieces
 11664 | D:8      | Bought a potion of curing for 30 gold pieces
 11664 | D:8      | Bought a potion of curing for 30 gold pieces
 12098 | D:9      | Reached XP level 11. HP: 67/97 MP: 10/10
 12146 | D:9      | Reached **** piety under Trog
 12351 | D:9      | Found a staircase to the Lair.
 13309 | D:9      | Found a staircase to the Orcish Mines.
 13321 | D:9      | Reached skill level 9 in Shields
 13376 | D:9      | Received a gift from Trog
 14120 | D:10     | Entered Level 10 of the Dungeon
 14390 | D:10     | Reached ***** piety under Trog
 14390 | D:10     | Reached skill level 10 in Fighting
 15544 | D:11     | Noticed a hill giant
 15548 | D:11     | Killed a hill giant
 15643 | D:11     | Reached skill level 10 in Shields
 15870 | D:11     | Noticed a hill giant
 15871 | D:11     | Noticed a six-headed hydra
 15879 | D:11     | Killed a hill giant
 15879 | D:11     | Reached XP level 12. HP: 91/106 MP: 11/11
 15882 | D:11     | Killed a seven-headed hydra
 16270 | D:12     | Received a gift from Trog
 17049 | D:13     | Noticed a centaur warrior
 17053 | D:13     | Reached skill level 15 in Maces & Flails
 17056 | D:13     | Killed a centaur warrior
 17056 | D:13     | Reached skill level 11 in Shields
 17514 | D:13     | Found a gate to the Vaults.
 17514 | D:13     | Noticed a vault guard
 17832 | Lair:1   | Entered Level 1 of the Lair of Beasts
 18119 | Lair:1   | Received a gift from Trog
 18217 | Lair:1   | Got a polished mace {god gift}
 18221 | Lair:1   | Identified the +8 mace "Cauf" {crush, *Slow rN+++} (Trog gifted it to you on level 1 of the Lair of Beasts)
 18533 | Lair:1   | Reached ****** piety under Trog
 18962 | Lair:2   | Reached XP level 13. HP: 116/116 MP: 12/12
 18983 | Lair:2   | Found a staircase to the Swamp.
 19004 | Lair:2   | Reached skill level 10 in Armour
 19531 | Lair:2   | Noticed Nergalle
 19541 | Lair:2   | Killed Nergalle
 19541 | Lair:2   | Reached skill level 12 in Shields
 21454 | Lair:4   | Found a hole to the Spider Nest.
 21571 | Lair:4   | Noticed Rupert
 21586 | Lair:4   | Killed Rupert
 21773 | Lair:4   | Found a frozen archway.
 21831 | IceCv    | Entered an ice cave
 21840 | IceCv    | Received a gift from Trog
 22718 | Lair:4   | Reached skill level 5 in Throwing
 23266 | Lair:5   | Reached skill level 13 in Shields
 24143 | Lair:6   | Entered Level 6 of the Lair of Beasts
 24205 | Lair:6   | Reached XP level 14. HP: 93/127 MP: 13/13
 25026 | Lair:6   | Found a runed door.
 25027 | Lair:6   | Found a viscous altar of Jiyva.
 25030 | Lair:6   | Found a staircase to the Slime Pits.
 25272 | Slime:1  | Entered Level 1 of the Pits of Slime
 25350 | Lair:6   | Received a gift from Trog
 25687 | Lair:6   | Reached skill level 10 in Dodging
 25687 | Lair:6   | Reached skill level 14 in Shields
 25738 | Lair:6   | Got a pair of encrusted gloves
 26424 | Lair:6   | Identified the cursed -5 pair of gloves of Agetac {rPois rN+ Regen+ Stlth+} (You found it on level 6 of the Lair of Beasts)
 26936 | Orc:1    | Entered Level 1 of the Orcish Mines
 26951 | Orc:1    | Noticed Gastronok
 26964 | Orc:1    | Killed Gastronok
 27184 | Orc:1    | Found a roughly hewn altar of Beogh.
 27226 | Orc:1    | Found an iron altar of Okawaru.
 27237 | Orc:1    | Noticed an orc warlord
 27263 | Orc:1    | Killed an orc warlord
 27481 | Orc:2    | Entered Level 2 of the Orcish Mines
 27528 | Orc:2    | Received a gift from Trog
 27712 | Orc:2    | Found a staircase to the Elven Halls.
 27849 | Orc:2    | Reached skill level 15 in Shields
 27991 | Orc:2    | Found Util's Gadget Shoppe.
 27991 | Orc:2    | Found Wusasozo's Book Boutique.
 27996 | Orc:2    | Reached XP level 15. HP: 43/136 MP: 14/14
 28387 | Orc:2    | Found Sewa Deu's General Store.
 28387 | Orc:2    | Found Uxedas's Jewellery Boutique.
 28401 | Orc:2    | Bought an uncursed ring of protection from fire for 400 gold pieces
 28402 | Orc:2    | Bought the amulet of Ossulip {rF+ Regen+ Slay+5 Stlth+} for 949 gold pieces
 28410 | Orc:2    | Bought the ring "Roahu" {rC+ MP+9} for 476 gold pieces
 28798 | Orc:2    | Found Eghaax's Quality Used Wands.
 29184 | Spider:1 | Entered Level 1 of the Spider Nest
 29463 | Spider:1 | Received a gift from Trog
 29949 | Spider:1 | Received a gift from Trog
 30803 | Spider:2 | Reached skill level 16 in Shields
 30903 | Spider:2 | HP: 4/137 [hornet (14)]
 30904 | Spider:2 | HP: 1/137 [redback (12)]
 31754 | Spider:2 | Received a gift from Trog
 32337 | Spider:3 | Reached XP level 16. HP: 118/146 MP: 15/15
 33071 | Spider:3 | Received a gift from Trog
 33902 | Spider:4 | Entered Level 4 of the Spider Nest
 34654 | Spider:4 | Reached skill level 10 in Throwing
 34832 | Spider:4 | Reached skill level 17 in Shields
 35270 | Spider:4 | Received a gift from Trog
 35557 | Spider:4 | Received a gift from Trog
 35995 | Spider:4 | Got a gossamer rune of Zot
 36220 | Swamp:1  | Entered Level 1 of the Swamp
 36867 | Swamp:1  | Reached XP level 17. HP: 154/154 MP: 16/16
 37642 | Swamp:2  | Received a gift from Trog
 38591 | Swamp:3  | Reached skill level 18 in Shields
 38636 | Swamp:3  | Noticed a tentacled monstrosity
 38648 | Swamp:3  | Killed a tentacled monstrosity
 38648 | Swamp:3  | Reached skill level 15 in Fighting
 38656 | Swamp:3  | Received a gift from Trog
 38840 | Swamp:4  | Entered Level 4 of the Swamp
 38859 | Swamp:4  | Noticed beholder's ghost (adept HESk)
 38891 | Swamp:4  | Killed beholder's ghost
 38948 | Swamp:4  | Received a gift from Trog
 39027 | Swamp:4  | Received a gift from Trog
 39230 | Swamp:4  | Noticed Mara
 39242 | Swamp:4  | Noticed poirepourri's illusion
 39273 | Swamp:4  | Killed Mara
 39626 | Swamp:4  | Noticed Jorgrun
 39635 | Swamp:4  | Received a gift from Trog
 39646 | Swamp:4  | Killed Jorgrun
 39650 | Swamp:4  | Noticed a bone dragon
 39680 | Swamp:4  | Killed a bone dragon
 39888 | Swamp:4  | Received a gift from Trog
 39888 | Swamp:4  | Reached XP level 18. HP: 163/163 MP: 17/17
 40207 | Swamp:4  | Got a decaying rune of Zot
 40719 | D:13     | Noticed varam's ghost (journeyman TrMo)
 40748 | D:13     | Killed varam's ghost
 40980 | D:13     | Reached skill level 19 in Shields
 41069 | D:13     | Found Pefoh's Food Boutique.
 41077 | D:13     | Bought a meat ration for 70 gold pieces
 41077 | D:13     | Bought a meat ration for 70 gold pieces
 41077 | D:13     | Bought a meat ration for 70 gold pieces
 41077 | D:13     | Bought a meat ration for 70 gold pieces
 41077 | D:13     | Bought a bread ration for 70 gold pieces
 41077 | D:13     | Bought a bread ration for 70 gold pieces
 41077 | D:13     | Bought a royal jelly for 28 gold pieces
 41123 | D:14     | Found a portal to a secret trove of treasure.
 41378 | D:14     | Found Yllis's Magic Scroll Shoppe.
 41453 | D:14     | Bought a scroll of teleportation for 42 gold pieces
 41453 | D:14     | Bought a scroll of identify for 28 gold pieces
 41453 | D:14     | Bought a scroll of identify for 28 gold pieces
 41453 | D:14     | Bought a scroll of enchant armour for 105 gold pieces
 41457 | D:14     | Bought a scroll of remove curse for 42 gold pieces
 41457 | D:14     | Bought a scroll of remove curse for 42 gold pieces
 41500 | D:14     | Received a gift from Trog
 41753 | D:14     | Found a deep blue altar of Sif Muna.
 41777 | D:15     | Entered Level 15 of the Dungeon
 41807 | D:15     | Received a gift from Trog
 41999 | D:15     | Received a gift from Trog
 42212 | D:15     | Found a glowing golden altar of the Shining One.
 42229 | D:15     | Noticed Nessos
 42239 | D:15     | Killed Nessos
 42449 | D:15     | Found Netomink's Antique Armour Boutique.
 42772 | D:15     | Found a staircase to the Depths.
 43001 | Elf:1    | Entered Level 1 of the Elven Halls
 43299 | Elf:1    | Received a gift from Trog
 43694 | Elf:1    | Received a gift from Trog
 44104 | Elf:1    | Cast into level 3 of the Abyss (scimitar of distortion)
 44135 | Abyss:3  | Received a gift from Trog
 44152 | Abyss:3  | Reached skill level 20 in Shields
 44160 | Abyss:3  | Found a bloodstained altar of Trog.
 44160 | Abyss:3  | Found a corrupted altar of Lugonu.
 44274 | Abyss:3  | Received a gift from Trog
 44316 | Abyss:3  | Noticed a bone dragon
 44351 | Abyss:3  | HP: 2/166 [starcursed mass/accursed screaming (15)]
 44352 | Abyss:3  | Mangled by a tentacled starspawn

Vault maps used:
D:1:      ncdulo_halloftheorcs, minmay_misc_feat_tiny
D:2:      uniq_iyjb
D:3:      minmay_goblin_kobold_castle, nicolae_ru_sacrificial_ziggurat
D:4:      first_bread, nicolae_ossuary_entry_catacombs, minmay_misc_feat_cross,
          uniq_pikel, uniq_crazy_yiuf_cottage, uniq_natasha
D:5:      uniq_eustachio
D:6:      kennysheep_big_flooded_room, uniq_duvessa
D:7:      the_bakery
D:8:      serial_shops, shop_fountains, serial_bayou_pond_a, ashenzari_altar_1
D:9:      erik_lair_island, zombieorc2_lemuel, hangedman_decor_growths
D:11:     kennysheep_generic_room_3
D:13:     david_vaults_5, serial_shops, nicolae_shop_waterfront
D:14:     serial_shops, shop, hangedman_decor_clover_reticule, enter_trove_2,
          lemuel_blue_sif_altar
D:15:     hangedman_depths_entry_try_elsewhere_first,
          nicolae_tso_carved_into_rock, serial_shops, shop, serial_park_tiny_1,
          uniq_nessos
Temple:   grunt_wide_crystal_templ
Lair:1:   special_room
Lair:2:   minmay_swamp_entry_wisps, serial_bayou_shore_a, grunt_megastairs_4,
          uniq_nergalle
Lair:3:   grunt_megastairs_5
Lair:4:   spider_nest_entry_web_field, portal_ice_cave_entry_ice_beasts,
          grunt_forest_small_clearing_treed, uniq_rupert
Lair:5:   st_stairs_6
Lair:6:   gammafunk_lair_ancient_temple, slime_altar_2, grunt_megastairs_3
Swamp:1:  evilmike_swamp_ruin_house_5
Swamp:2:  evilmike_swamp_ruin_house_3, swamp_pool3, hangedman_swamp_ravenous
Swamp:3:  evilmike_swamp_ruin_rubble_2
Swamp:4:  swamp_pestilence, uniq_mara, uniq_jorgrun
Spider:1: zaba_anthell
Spider:2: spider_trap
Spider:3: spider_trap
Spider:4: grunt_spider_rune_circles
Slime:1:  cheibrodos_slime_lost_civilization_4
Orc:1:    basic_altar, nicolae_orc_stony_grotto, okawaru_metal_pillars_1_2,
          uniq_gastronok
Orc:2:    grunt_orc_tribal_feast, nicolae_for_you_no_charge
Elf:1:    eino_elf_arrival_sip, orc_legates
Abyss:3:  evilmike_abyss_exit_16
Ossuary:  ossuary_tomb_3
IceCv:    ice_cave_caverns_03

Skill      XL: |  1  2  3  4  5  6  7  8  9 10 11 12 13 14 15 16 17 18 |
---------------+-------------------------------------------------------+-----
Shields        | 4 6 8 10 11 13 15 16 17 18 20 | 20.1
Fighting       | 4 5 6 7 8 9 10 11 12 13 14 15 16 | 16.1
Armour         | 4 6 8 9 11 12 13 14 | 14.6
Maces & Flails | 3 4 5 6 7 10 11 12 14 15 16 17 18 | 18.4
Dodging        | 1 2 3 4 5 6 7 8 9 10 11 12 13 | 13.1
Throwing       | 1 2 5 8 11 12 13 | 13.0

Action                   |  1- 3 |  4- 6 |  7- 9 | 10-12 | 13-15 | 16-18 || total
-------------------------+-------+-------+-------+-------+-------+-------++-------
Melee: Flail             |    95 |    28 |       |       |       |       ||   123
       Headbutt          |    14 |    25 |   100 |   172 |   221 |   307 ||   839
       Club              |       |   128 |   465 |    36 |       |       ||   629
       Morningstar       |       |       |       |   722 |       |       ||   722
       Mace              |       |       |       |    41 |   481 |       ||   522
       Shillelagh        |       |       |       |       |   308 |   847 ||  1155
Throw: Javelin           |       |     3 |       |    17 |   180 |   182 ||   382
       Tomahawk          |       |       |       |    25 |   103 |   176 ||   304
       Throwing net      |       |       |       |       |     2 |       ||     2
Invok: Berserk           |       |       |       |     2 |     4 |     4 ||    10
       Brothers in Arms  |       |       |       |     1 |     9 |     5 ||    15
       Burn Spellbooks   |       |       |       |     1 |     2 |     6 ||     9
       Trog's Hand       |       |       |       |       |     2 |     9 ||    11
  Use: Scroll            |     4 |       |    18 |    18 |    13 |    25 ||    78
       Potion            |       |     1 |     4 |     2 |    14 |    18 ||    39
 Stab: Distracted        |       |       |       |     1 |       |       ||     1
  Eat: Bread ration      |     1 |     1 |     3 |     5 |     5 |       ||    15
       Beef jerky        |       |     1 |     2 |     3 |       |     1 ||     7
       Fruit             |       |       |     5 |     2 |       |     1 ||     8
       Pizza             |       |       |     1 |       |       |     2 ||     3
       Meat ration       |       |       |       |     2 |     5 |     3 ||    10
       Royal jelly       |       |       |       |     1 |     2 |    10 ||    13
Armor: Scale mail        |    61 |   130 |   132 |   244 |   280 |   353 ||  1200
Dodge: Dodged            |    30 |    97 |   144 |   363 |   513 |   568 ||  1715
Block: Shield            |    49 |   148 |   213 |   561 |   774 |   933 ||  2678
       Rpst.: Shillelagh |       |       |       |       |    40 |    88 ||   128
       Mace              |       |       |       |       |    10 |       ||    10
